 Dungeon Crawl Stone Soup version 0.18-a0-1800-gdc7a371 (webtiles) character file.

123 Duffy the Conjurer (level 5, -1/35 HPs)
             Began as a Formicid Fire Elementalist on Apr 25, 2016.
             Slain by an orc priest
             ... wielding a +0 dagger
              (2 damage)
             ... on level 3 of the Dungeon.
             The game lasted 00:04:41 (3019 turns).

Duffy the Conjurer (Formicid Fire Elementalist)     Turns: 3019, Time: 00:04:42

Health: -1/35      AC:  2    Str: 13    XL:     5   Next: 28%
Magic:  0/8        EV: 12    Int: 14    God:
Gold:   96         SH:  0    Dex: 12    Spells: 3 memorised, 1 level left

rFire  . . .     SeeInvis +     x - +3 spear
rCold  . . .     Gourm    .     a - +0 robe
rNeg   . . .     Faith    .     (no shield)
rPois  .         Spirit   .     (helmet unavailable)
rElec  .         Dismiss  .     (no cloak)
rCorr  .         Reflect  .     (no gloves)
SustAt .         Harm     .     (no boots)
MR     .....                    (no amulet)
Stlth  ++........               (no ring)
                                (no ring)

@: not resistant to hostile enchantments, unstealthy
A: permanent stasis, dig shafts and tunnels, four strong arms, antennae 3
a: Dig, Shaft Self


You were on level 3 of the Dungeon.
You were not hungry.

You visited 1 branch of the dungeon, and saw 3 of its levels.

You collected 96 gold pieces.


Innate Abilities, Weirdness & Mutations

You are under a permanent stasis effect.
You can dig through walls and to a lower floor.
Your four strong arms can wield two-handed weapons with a shield.
You have a pair of large antennae on your head (SInv).


   Skills:
 - Level 1.7 Dodging
 - Level 2.4 Stealth
 - Level 2.5 Spellcasting
 + Level 3.6 Conjurations
 + Level 3.5 Fire Magic


You had one spell level left.
You knew the following spells:

 Your Spells              Type           Power        Failure   Level  Hunger
a - Flame Tongue          Conj/Fire      ##...        6%          1    #......
j - Sticky Flame          Conj/Fire      ##......     58%         4    #####..
l - Conjure Flame         Conj/Fire      ##......     17%         3    ###....

Inventory:

Hand Weapons
 x - a +3 spear (weapon)
 z - a +0 morningstar
Armour
 a - a +0 robe (worn)
Wands
 y - a wand of digging (13/24)
Scrolls
 e - 2 scrolls of enchant weapon {unknown}
 f - a scroll of magic mapping {unknown}
 j - a scroll of noise {unknown}
 l - 2 scrolls of random uselessness {unknown}
 m - a scroll of enchant armour {unknown}
 p - a scroll of identify {unknown}
 q - a scroll of amnesia {unknown}
 r - 2 scrolls of recharging {unknown}
 s - a scroll of fog {unknown}
 A - 2 scrolls of blinking {unknown}
Potions
 d - 3 potions of curing {unknown}
 g - a potion of lignification {unknown}
 h - 3 potions of might {unknown}
 i - a potion of invisibility {unknown}
 k - a potion of cancellation {unknown}
 t - a potion of mutation {unknown}
 v - a potion of resistance {unknown}
 w - a potion of magic {unknown}
Books
 b - a book of Flames
Comestibles
 c - a bread ration
 n - 2 meat rations
 o - a royal jelly
 u - 3 fruits

Dungeon Overview and Level Annotations

Branches:
Dungeon (3/15)

Altars:
Zin


Message History

Cast which spell? (? or * to list)
Aiming: Flame Tongue
Press: ? - help, Shift-Dir - straight line, f/p - orc priest
Aim: an orc priest, wielding a dagger and wearing a chain mail (moderately wounded)
The flame tongue hits the orc priest.
The orc priest is moderately wounded.
The orc priest hits you with a dagger.
Cast which spell? (? or * to list)
Aiming: Flame Tongue
Press: ? - help, Shift-Dir - straight line, f/p - orc priest
Aim: an orc priest, wielding a dagger and wearing a chain mail (moderately wounded)
The flame tongue hits the orc priest.
The orc priest is severely wounded.
The orc priest closely misses you.
Cast which spell? (? or * to list)
Aiming: Flame Tongue
Press: ? - help, Shift-Dir - straight line, f/p - orc priest
Aim: an orc priest, wielding a dagger and wearing a chain mail (severely wounded)
The flame tongue misses the orc priest.
The orc priest hits you with a dagger.
Cast which spell? (? or * to list)
You don't have enough magic to cast that spell.
Cast which spell? (? or * to list)
You don't have enough magic to cast that spell.
Attack whom?
Press: ? - help, Dir - move target cursor, f/p - orc priest
Aim: an orc priest, wielding a dagger and wearing a chain mail (severely wounded)
You closely miss the orc priest.
The orc priest is severely wounded.
The orc priest hits you with a dagger.
Attack whom?
Press: ? - help, Dir - move target cursor, f/p - orc priest
Aim: an orc priest, wielding a dagger and wearing a chain mail (severely wounded)
You hit the orc priest but do no damage.
The orc priest is severely wounded.
The orc priest hits you with a dagger.
Cast which spell? (? or * to list)
Aiming: Flame Tongue
Press: ? - help, Shift-Dir - straight line, f/p - orc priest
Aim: an orc priest, wielding a dagger and wearing a chain mail (severely wounded)
The flame tongue hits the orc priest.
The orc priest is almost dead.
The orc priest calls down the wrath of Beogh upon you.
Beogh smites you!
Attack whom?
Press: ? - help, Dir - move target cursor, f/p - orc priest
Aim: an orc priest, wielding a dagger and wearing a chain mail (almost dead)
You hit the orc priest but do no damage.
The orc priest is almost dead.
The orc priest hits you with a dagger.
You die...

#.#.# #.#.#..# #.#.##
#.#.#..##
#....###...#.... {
#..#.........#
##....##.....#######..
##.#.##..............
#...................
###.##.###...#########..
####.##.# #..%o@.....<...
........###...###########
####.#........#
#..........# ############


You could see an orc priest.

Action                   |  1- 3 |  4- 6 || total
-------------------------+-------+-------++-------
Melee: Dagger            |    12 |       ||    12
       Spear             |       |     9 ||     9
 Cast: Flame Tongue      |    55 |    46 ||   101
 Abil: Dig               |       |     1 ||     1
  Eat: Chunk             |     2 |     6 ||     8
Armor: Robe              |     3 |       ||     3
Dodge: Dodged            |    32 |    11 ||    43

Notes
Turn   | Place    | Note
--------------------------------------------------------------
     0 | D:1      | Duffy the Formicid Fire Elementalist began the quest for the Orb.
     0 | D:1      | Reached XP level 1. HP: 13/13 MP: 3/3
   129 | D:1      | Reached skill level 1 in Conjurations
   273 | D:1      | Reached XP level 2. HP: 19/19 MP: 0/5
   379 | D:1      | Reached skill level 2 in Conjurations
   807 | D:1      | Reached XP level 3. HP: 24/24 MP: 3/6
  1026 | D:1      | Learned a level 3 spell: Conjure Flame
  1155 | D:1      | Reached skill level 3 in Conjurations
  1447 | D:2      | Reached XP level 4. HP: 23/30 MP: 0/7
  1598 | D:2      | Learned a level 4 spell: Sticky Flame
  2390 | D:2      | Found a glowing silver altar of Zin.
  2439 | D:2      | Reached XP level 5. HP: 21/35 MP: 3/8
  3019 | D:3      | Slain by an orc priest

Skill      XL: |  1  2  3 |
---------------+----------+-----
Conjurations   | 1 2 3 |  3.6
Dodging        | |  1.7
Stealth        | |  2.4
Spellcasting   | |  2.5
Fire Magic     | |  3.5

Vault maps used:
D:1:      dpeg_arrival_short_road
D:2:      zin_scriptorium, hangedman_feature_mirror
D:3:      first_bread, serial_undead, serial_undead_b, serial_undead_c,
          serial_undead_e, serial_undead_c, roderic_roman_lattice,
          hangedman_decor_riveting, kennysheep_generic_room_10

Vanquished Creatures
  An orc priest
  2 adders
  An ooze
  A worm
  2 dart slugs
  A giant gecko
  An orc
  7 bats
  6 giant cockroaches
  10 goblins
  5 hobgoblins
  3 jackals
  6 kobolds
  A quokka
  A giant newt
  7 rats
55 creatures vanquished.
